 Dungeon Crawl Stone Soup version 0.29.1-1-gd02db6906a (webtiles) character file.

Game seed: 9248014236482265003

65 Hadkhar the Shooter (level 4, 0/34 HPs)
             Began as a Human Hunter on Oct 8, 2022.
             Killed from afar by Sigmund (8 damage)
             ... with a puff of flame
             ... on level 2 of the Dungeon.
             The game lasted 00:06:46 (1987 turns).

Hadkhar the Shooter (Human Hunter)                  Turns: 1987, Time: 00:06:46

Health: 0/34       AC:  4    Str: 17    XL:     4   Next: 34%
Magic:  4/4        EV: 12    Int:  9    God:
Gold:   100        SH:  0    Dex: 19    Spells: 3/3 levels left

rFire   . . .      SeeInvis +   a - +0 shortbow
rCold   . . .      Faith    .   (shield currently unavailable)
rNeg    . . .      Spirit   .   c - +0 leather armour
rPois   .          Reflect  .   (no helmet)
rElec   .          Harm     .   (no cloak)
rCorr   .          Rampage  .   n - +0 pair of gloves
Will    .....                   (no boots)
Stlth   ++........              (no amulet)
HPRegen 0.11/turn               h - ring of see invisible
MPRegen 0.09/turn               m - +6 ring of strength

@: no status effects
A: no striking features
a: no special abilities


You were on level 2 of the Dungeon.
You visited 1 branch of the dungeon, and saw 2 of its levels.

You collected 100 gold pieces.

Inventory:

Hand Weapons
 a - a +0 shortbow (weapon)
 e - a +0 dagger of speed
Armour
 c - a +0 leather armour (worn)
 n - a +0 pair of gloves (worn)
Jewellery
 h - a ring of see invisible (left hand)
 m - a +6 ring of strength (right hand)
Scrolls
 b - 4 scrolls of immolation
 f - 2 scrolls of identify {unknown}
 g - a scroll of teleportation {unknown}
 i - 3 scrolls of fog {unknown}
 k - a scroll of enchant armour {unknown}
Potions
 d - a potion of attraction {unknown}
 j - a potion of haste {unknown}
 l - a potion of flight {unknown}
 o - a potion of heal wounds {unknown}
 p - 2 potions of resistance {unknown}
 q - a potion of ambrosia {unknown}


   Skills:
 + Level 2.6 Fighting
 * Level 4.5 Ranged Weapons
 + Level 2.6 Dodging
 + Level 2.2 Stealth


You had 3 spell levels left.
You didn't know any spells.
Your spell library contained the following spells:

 Spells                   Type           Power      Damage    Failure   Level
 Summon Ice Beast         Ice/Summ       0%         N/A       99%         4
 Summon Mana Viper        Hex/Summ       0%         N/A       100%        5
 Monstrous Menagerie      Summ           0%         N/A       100%        7


Dungeon Overview and Level Annotations

Branches:
Dungeon (2/15)

Altars:
Qazlal

Shops:
D:1 =

Annotations:
D:2 Sigmund


Message History

The goblin shouts!
The goblin is moderately wounded.
You shoot an arrow. The arrow closely misses the goblin.
You shoot an arrow. The arrow completely misses the goblin.
You shoot an arrow. The arrow barely misses the goblin.
You shoot an arrow. The arrow barely misses the goblin.
The goblin closely misses you.
You shoot an arrow. The arrow completely misses the goblin.
The goblin misses you.
You shoot an arrow. The arrow hits the goblin.
The goblin is severely wounded.
The goblin hits you but does no damage.
You shoot an arrow. The arrow hits the goblin.
You kill the goblin!
Things that are here:
a +0 dagger; a goblin corpse Sigmund the Dreaded comes into view.
He is wielding a +2 scythe of venom and wearing a +2 robe of positive energy.
Sigmund shouts!
Sigmund hits you from afar with a +2 scythe of venom!
You are poisoned.
Sigmund is nearby!
You feel very sick.
You feel very sick.
You feel sick.
You feel sick.
You feel sick.
You feel sick.
You feel sick.
You feel sick.
You feel sick.
You feel sick.
You are no longer poisoned.
Sigmund mumbles some strange words.
Sigmund flickers and vanishes for a moment.
Sigmund casts a spell at you. The puff of flame misses you.
Sigmund says, "Now you see me, now you don't..."
Sigmund gestures at you while chanting. The puff of flame hits you!
You die...

#............).......#†# #...
##.#.............#####.## #..#
[.....#####..###.####.#.## #.#.
####..# #.....##.....###.#####†##
#..###......#.###..#........##
#..##..._^....# ###.#.#####...
#..#........### ###.# #.##
#......@....#########.# #)#
#.###.#......@.<...##.# #.# ..
#.#####..#####.##.# #.# #. #.#
#....# #.##.# #.# #. #.# #....#
#....# ##.## ####$###.#####....#
#.#######...#
.?..............#####...........#
.###.##########.......#######...#
#. ######### ##### #.


You could see Sigmund (invisible).

Vanquished Creatures
  An adder (D:2)
  A worm (D:2)
  2 dart slugs
  4 ball pythons
  6 endoplasms
  2 giant cockroaches
  3 goblins (D:2)
  5 hobgoblins
  2 jackals (D:1)
  4 quokkas
  3 bats
  4 frilled lizards
  4 kobolds
  4 rats
45 creatures vanquished.

Notes
Turn   | Place    | Note
-------+----------+-------------------------------------------
     0 | D:1      | Hadkhar the Human Hunter began the quest for the Orb.
     0 | D:1      | Reached XP level 1. HP: 16/16 MP: 1/1
   215 | D:1      | Reached XP level 2. HP: 22/22 MP: 2/2
   351 | D:1      | Found Avicweaz's Jewellery Boutique.
   692 | D:1      | You fall into a shaft and drop 1 floor!
   762 | D:2      | Reached XP level 3. HP: 20/28 MP: 3/3
  1256 | D:1      | Found a faded altar of an unknown god.
  1636 | D:2      | Reached XP level 4. HP: 34/34 MP: 4/4
  1689 | D:2      | Found a stormy altar of Qazlal.
  1972 | D:2      | Noticed Sigmund
  1987 | D:2      | Killed from afar by Sigmund

Illustrated notes

Levels and vault maps discovered:
D:1:      psy_arrival_statuary, layout_basic, serial_shops, shop,
          dilly_ecumenical_altar_fadedgnrine, chequers_serial_rivers_micro_d,
          chequers_serial_rivers_micro_a, kennysheep_small_spiral,
          minmay_misc_feat_square
D:2:      layout_loops_ring, basic_altar, uniq_sigmund

Skill      XL: |  1  2  3 |
---------------+----------+-----
Stealth        | 2 |  2.2
Fighting       | |  2.6
Ranged Weapons | |  4.5
Dodging        | |  2.6

Action                   |  1- 3 |  4- 6 || total
-------------------------+-------+-------++-------
Melee: Dagger            |    16 |       ||    16
 Fire: Shortbow          |    81 |    36 ||   117
Armor: Leather armour    |    19 |     1 ||    20
Dodge: Dodged            |    18 |    10 ||    28
